AoeStats
← DukeClapperOfCheekville

Four Lakes

509322475Analyzed
1v1 RM · 5d ago on Sep 26, 2026· 44m 39s· 2 players
Game mode
Random Map
Map size
Tiny (2 player)
Population
200
Speed
Normal
Resources
Standard
Victory
Conquest
Starting age
Dark Age
Ending age
Imperial Age
RankedLock teamsTeams togetherTeam positionsShared explorationLock speedFull tech treeHidden civsTurbo modeCheats
Victory
Defeat
🇨🇳 Japanese · China
1407
+17
🇺🇸 Varangians · United States
1426
-17
安心
10:15 Feudal Age
9:25 Loom
10:26 Man-at-Arms
10:56 Double-Bit Axe
13:55 Fletching
21:35 Castle Age
20:23 Fishing Lines
21:28 Padded Archer Armor
21:25 Gold Mining
21:50 Crossbowman
23:04 Bodkin Arrow
23:44 Bow Saw
24:38 Thumb Ring
25:24 Ballistics
26:26 Gillnets
27:57 Leather Archer Armor
32:10 Bloodlines
32:01 Husbandry
33:55 Gold Shaft Mining
33:10 Stone Mining
33:17 Stone Mining
35:05 Wheelbarrow
38:51 Imperial Age
39:45 Bracer
40:19 Parthian Tactics
41:20 Horse Collar
43:29 Ring Archer Armor
42:27 Heavy Cavalry Archer
45:16 Chemistry
45:17 Scale Mail Armor
45:27 Forging
DukeClapperOfCheekville
8:12 Loom
10:26 Feudal Age
15:25 Castle Age
13:49 Fletching
16:17 Bodkin Arrow
15:55 Crossbowman
18:13 Gold Mining
19:17 Double-Bit Axe
21:16 Wheelbarrow
21:28 Bodkin Arrow
24:57 Bloodlines
28:06 Horse Collar
28:33 Scale Barding Armor
30:19 Chain Barding Armor
33:17 Husbandry
36:59 Forging
42:27 Imperial Age
40:46 Vendel Legacy
43:44 Plate Barding Armor
42:48 Cavalier
44:36 Conscription
45:22 Iron Casting
Connection lost

Rejoining the realm…

Still unreachable

The connection could not be restored.

Session expired

The server has moved on; the page needs a fresh start.